 Dungeon Crawl Stone Soup version 0.25-a0-294-gea9b1ad378 (webtiles) character file.

Game seed: 8414997166312676404, levelgen mode: classic

247 Borgoz the Covered (level 6, -7/43 HPs)
             Began as a Halfling Fighter on Dec 18, 2019.
             Mangled by an ogre
             ... wielding a +0 giant club
              (12 damage)
             ... on level 4 of the Dungeon.
             The game lasted 00:03:06 (3047 turns).

Borgoz the Covered (Halfling Fighter)               Turns: 3047, Time: 00:03:07

Health: -7/43      AC:  7    Str: 20    XL:     6   Next: 33%
Magic:  6/6        EV: 15    Int:  6    God:
Gold:   179        SH:  0    Dex: 16    Spells: 5/5 levels left

rFire    + . .     SeeInvis .   a - +0 rapier
rCold    . . .     Gourm    .   (shield restricted)
rNeg     . . .     Faith    .   x - +0 ring mail (curse)
rPois    .         Spirit   .   (no helmet)
rElec    .         Reflect  .   (no cloak)
rCorr    .         Harm     .   (no gloves)
MR       .....                  m - +0 pair of boots
Stlth    +.........             (no amulet)
HPRegen  0.14/turn              g - +3 ring of strength
MPRegen  0.10/turn              w - ring of protection from fire

@: no status effects
A: small, mutation resistance 1
a: no special abilities


You were on level 4 of the Dungeon.
You were not hungry.

You visited 1 branch of the dungeon, and saw 4 of its levels.

You collected 179 gold pieces.

Inventory:

Hand Weapons
 a - a +0 rapier (weapon)
Armour
 m - a +0 pair of boots (worn)
 x - a cursed +0 ring mail (worn)
Jewellery
 g - a +3 ring of strength (left hand)
 w - a ring of protection from fire (right hand)
 y - an uncursed ring of magical power {unknown}
Wands
 p - a wand of disintegration (11)
 t - a wand of digging (3)
 u - a wand of flame (8)
Scrolls
 c - 4 scrolls of identify {unknown}
 d - 2 scrolls of amnesia {unknown}
 e - a scroll of enchant armour {unknown}
 i - 3 scrolls of teleportation {unknown}
 k - a scroll of blinking {unknown}
 l - a scroll of noise {unknown}
 q - a scroll of remove curse {unknown}
 r - a scroll of enchant weapon {unknown}
Potions
 h - a potion of berserk rage {unknown}
 j - a potion of haste {unknown}
 n - a potion of mutation {unknown}
 o - a potion of agility {unknown}
 s - a potion of curing {unknown}
 v - 2 potions of brilliance {unknown}
Comestibles
 f - 10 rations


   Skills:
 + Level 3.8 Fighting
 + Level 4.1 Short Blades
 + Level 4.6 Armour
 + Level 3.0 Dodging
   Level 3.2 Shields


You had 5 spell levels left.
You didn't know any spells.
Your spell library was empty.

Dungeon Overview and Level Annotations

Branches:
Dungeon (4/15)
 Temple: D:4-7

Altars:
Kikubaaqudgha
Qazlal
Uskayaw
Xom
Yredelemnul

Shops:
D:4 [


Innate Abilities, Weirdness & Mutations

You are small and have problems with some larger weapons.
You are somewhat resistant to further mutation.


Message History

You hit the ogre.
The ogre is severely wounded.
You hit the ogre.
The ogre is almost dead.
The ogre hits you with a +0 giant club!!
Ouch! That really hurt!
* * * LOW HITPOINT WARNING * * *
You are too injured to fight recklessly!
You are too injured to fight recklessly!
Evoke which item? (* to show all) (? for menu, Esc to quit)
Aiming: Disintegrate
Press: ? - help, Shift-Dir - straight line, f - ogre
Aim: an ogre, wielding a +0 giant club (almost dead, chance to defeat MR: 65%)
The ogre struggles to resist.
The ogre completely misses you.
Evoke which item? (* to show all) (? for menu, Esc to quit)
Aiming: Disintegrate
Press: ? - help, Shift-Dir - straight line, f/p - ogre
Aim: an ogre, wielding a +0 giant club (almost dead, chance to defeat MR: 65%)
The ogre struggles to resist.
The ogre hits you with a +0 giant club!
You die...

..#.# #......... ..
###...####..####...
..#.##....#.............
...................#....
........#.######.#......
##.).##..........#...##.
......#.......####..###.
.....∩............... ..
#..O@.........#..##..
#..##.......##..... . #.
#.......##.....
#.......##.#.#..
#####.##.. ... #.# ...
.. .. .. ...


You could see an ogre.

Vanquished Creatures
  An orc priest (D:3)
  A centaur skeleton (D:4)
  Jessica (D:2)
  Ijyb (D:3)
  A gnoll (D:1)
  6 adders
  An ooze (D:1)
  2 worms (D:2)
  2 dart slugs (D:2)
  A leopard gecko (D:2)
  2 orcs
  4 bats
  3 giant cockroaches
  6 goblins
  6 hobgoblins
  4 jackals (D:3)
  6 kobolds
  4 quokkas
  A ball python (D:2)
  4 frilled lizards
  6 rats
63 creatures vanquished.

Notes
Turn   | Place    | Note
-------+----------+-------------------------------------------
     0 | D:1      | Borgoz the Halfling Fighter began the quest for the Orb.
     0 | D:1      | Reached XP level 1. HP: 15/15 MP: 1/1
    54 | D:1      | Reached XP level 2. HP: 3/20 MP: 2/2
   485 | D:1      | Reached skill level 1 in Dodging
   523 | D:1      | Reached XP level 3. HP: 23/26 MP: 3/3
  1110 | D:2      | Noticed Jessica
  1117 | D:2      | Killed Jessica
  1117 | D:2      | Reached XP level 4. HP: 31/31 MP: 4/4
  1462 | D:2      | Reached XP level 5. HP: 34/36 MP: 5/5
  1736 | D:2      | Found a stormy altar of Qazlal.
  1738 | D:2      | Found a hide-covered altar of Uskayaw.
  1738 | D:2      | Found a shimmering altar of Xom.
  1740 | D:2      | Found a stormy altar of Qazlal.
  1740 | D:2      | Found an ancient bone altar of Kikubaaqudgha.
  1740 | D:2      | Found a basalt altar of Yredelemnul.
  2072 | D:3      | Noticed Ijyb
  2098 | D:3      | Killed Ijyb
  2557 | D:3      | Found a hide-covered altar of Uskayaw.
  2600 | D:3      | Reached XP level 6. HP: 20/43 MP: 6/6
  3036 | D:4      | Found Ygoced's Antique Armour Emporium.
  3038 | D:4      | Noticed an ogre
  3047 | D:4      | Mangled by an ogre

Levels and vault maps discovered:
D:1:      wander_arrival_fairy_ring, layout_basic, minmay_misc_feat_roman
D:2:      layout_loops_ring, supply_closet_lemuel, doesnt_xom_only_xom,
          uniq_jessica
D:3:      layout_rooms, overflow_temple_1_default, corner_web_ring, uniq_ijyb
D:4:      layout_rooms, minmay_temple_entry_enclosed_plants, serial_shops, shop,
          first_ration, bloody_trog

Skill      XL: |  1  2  3  4  5  6 |
---------------+-------------------+-----
Dodging        | 1 2 3 |  3.0
Fighting       | 3 |  3.8
Short Blades   | 3 4 |  4.1
Armour         | 4 |  4.6
Shields        | |  3.2

Action                   |  1- 3 |  4- 6 || total
-------------------------+-------+-------++-------
Melee: Rapier            |    55 |   188 ||   243
Evoke: Wand              |       |     3 ||     3
  Use: Potion            |     1 |       ||     1
  Eat: Chunk             |       |     7 ||     7
Armor: Scale mail        |    18 |    40 ||    58
       Ring mail         |       |    15 ||    15
Dodge: Dodged            |    32 |   163 ||   195

Table legend:
 A = Non-vault XP
 B = Vault XP
 C = Vault XP percentage of total XP
 D = Non-vault monster count
 E = Vault monster count
 F = Vault count percentage of total count
                 A         B        C        D         E       F
            +---------+---------+-------+---------+---------+-------
      Total |     281 |      72 |  20.4 |      61 |       2 |   3.2
            +---------+---------+-------+---------+---------+-------
        D:1 |      45 |       0 |   0.0 |      17 |       0 |   0.0
        D:2 |      93 |      37 |  28.5 |      20 |       1 |   4.8
        D:3 |      82 |      35 |  29.9 |      18 |       1 |   5.3
        D:4 |      61 |       0 |   0.0 |       6 |       0 |   0.0
            +---------+---------+-------+---------+---------+-------
